Connexion

PHILADELPHIA Flyers vs MONTREAL Canadiens

Created - 28 octobre 2023 at 08:25

Goals
1 2 3 T
PHILADELPHIA Flyers 2 1 1 4
MONTREAL Canadiens 1 0 0 1
Shots
1 2 3 T
PHILADELPHIA Flyers 8 8 14 30
MONTREAL Canadiens 14 7 6 27

GoalsPenalties
1st period
1. PHILADELPHIA Flyers , Pavel Buchnevich 14 (Tj Brodie 20, Jason Zucker 16) at 0:12
2. MONTREAL Canadiens , Cam Atkinson 16 (Patrick Kane 20, Tyler Seguin 14) at 6:12
3. PHILADELPHIA Flyers , Brock Nelson 5 (Nail Yakupov 8, Olli Maatta 12) at 11:37
Matt Roy (PHI) for Roughing (Double Minor) at 1:13
2nd period
4. PHILADELPHIA Flyers , Sean Monahan 13 (Austin Czarnik 21, Justin Faulk 11) at 17:47 (SH)
Justin Faulk (PHI) for High sticking (Minor) at 7:50
Jakob Silfverberg (PHI) for Roughing (Minor) at 16:14
3rd period
5. PHILADELPHIA Flyers , Brock McGinn 9 (Justin Faulk 12, Sean Monahan 14) at 5:05
Jason Zucker (PHI) for Tripping (Minor) at 5:57
Justin Faulk (PHI) for Hooking (Minor) at 16:05
Goalie Stats
Stuart Skinner (PHI), 26 saves from 27 shots - (0,963), W, 15-10-1, 60:00 minutes
Sergei Bobrovsky (MTL), 26 saves from 30 shots - (0,867), L, 3-6-1, 60:00 minutes
3 StarsOfficial
1 - Sean Monahan (PHI)
2 - Brock McGinn (PHI)
3 - Brock Nelson (PHI)
Referees : Stephane Auger and Dennis LaRue
Linesman : Thor Nelson and Brian Mach
Game Note
No Game Note
Finance
Level 1 -- Attendance: 5880 (98,00%) -- Ticket Income 705 600 $
Level 2 -- Attendance: 5788 (69,96%) -- Ticket Income 434 100 $
Level 3 -- Attendance: 1918 (95,90%) -- Ticket Income 105 490 $
Level 4 -- Attendance: 3662 (91,55%) -- Ticket Income 128 170 $
Luxury Box -- Attendance: 925 (92,50%) -- Ticket Income 240 500 $
Game was played at the Bell Centre.
Total Attendance: 18173 (85,43%)
Total Ticket Income: 1 613 860 $
Other Income: 322 772 $
Total Income: 1 936 632 $



Team Name Goals Shots Shots Attemp Shots Blocked PIM HIT PP PK FO%
PHILADELPHIA Flyers 430611312210 / 0 (0,00%060%
MONTREAL Canadiens 12761100260 / 6 (0%)040%

PHILADELPHIA Flyers
Player Name POS G A P +/- PIM HIT SHT SB MP PP MP PP SHT PK MP PK SHT FO% FOT
Alex PietrangeloD0000022325:380:0006:1500% 0
Austin CzarnikC/RW0111005124:550:0006:09050% 28
Brock McGinnLW/RW1011025016:180:0000:47033% 3
Brock NelsonC1011014114:560:0001:08059% 17
Calen AddisonD0002000221:120:0005:5600% 0
Jakob SilfverbergLW/RW0001213015:300:0000:0000% 1
Jason ZuckerLW/RW0110222120:490:0003:51167% 3
Joe VelenoC000000000:470:0000:4700% 0
Justin FaulkD0222430119:250:0004:1100% 0
Kasperi KapanenLW/RW0001012013:480:0000:0000% 0
Matt RoyD0001421014:540:0001:2900% 0
Nail YakupovRW0111022113:480:0000:0000% 1
Olli MaattaD0111010113:260:0000:0000% 0
Pavel BuchnevichLW/RW1010011021:020:0004:0300% 0
Sean MonahanC1122023022:360:0007:05176% 29
Tim StutzleC/LW000000001:470:0000:000100% 1
Tj BrodieD0110010225:220:0005:5900% 0
Zach PariseC/LW000000001:470:0000:0000% 0
MONTREAL Canadiens
Player Name POS G A P +/- PIM HIT SHT SB MP PP MP PP SHT PK MP PK SHT FO% FOT
Boone JennerC/LW000-2032115:145:3310:00043% 21
Brett HowdenC/LW000000105:550:0000:00025% 8
Brock BoeserRW000-1005119:435:3310:0000% 0
Cam AtkinsonLW/RW101-1025124:416:2210:0000% 0
Carl GrundstromRW000002005:550:0000:0000% 0
Dakota MermisD000-2031023:184:3810:0000% 0
Gabriel VilardiC/RW000-102309:410:0000:0000% 0
Isac LundestromC/LW000-100009:410:0000:0000% 1
Jake GuentzelC/LW/RW0000011014:100:0000:00044% 18
Joel EdmundsonD000-2020219:304:3800:0000% 0
Kailer YamamotoC/LW/RW000-1013019:435:3300:0000% 0
Kris LetangD000-1000123:157:1700:0000% 0
Kyle CapobiancoD0000001114:010:3400:0000% 0
Matthew BenningD0000000113:270:0000:0000% 0
Patrick KaneC/RW011-1021024:416:2200:00029% 7
Phil KesselC/RW000000005:550:0000:0000% 0
Tyler SeguinC/RW011-1072024:416:2210:00043% 28
Tyson BarrieD000-1012226:296:4310:0000% 0



Play-by-Play

1st period


0:01 of 1st period - Austin Czarnik wins face-off versus Tyler Seguin in neutral zone.
0:08 of 1st period - Shot by Austin Czarnik.
0:08 of 1st period - Deflect By Jason Zucker.
0:08 of 1st period - Shot Misses the Net.
0:10 of 1st period - Shot by Tj Brodie.
0:10 of 1st period - Shot Misses the Net.
0:12 of 1st period - Shot by Pavel Buchnevich.
0:12 of 1st period - Goal by Pavel Buchnevich - PHILADELPHIA Flyers : 1 - MONTREAL Canadiens : 0.
0:13 of 1st period - Jake Guentzel wins face-off versus Sean Monahan in neutral zone.
0:25 of 1st period - Icing by Justin Faulk.
0:26 of 1st period - Sean Monahan wins face-off versus Boone Jenner in PHILADELPHIA Flyers zone.
0:31 of 1st period - Shot by Boone Jenner.
0:31 of 1st period - Shot Misses the Net.
0:33 of 1st period - Shot by Gabriel Vilardi.
0:33 of 1st period - Stopped by Stuart Skinner without a rebound.
0:34 of 1st period - Brock Nelson wins face-off versus Brett Howden in PHILADELPHIA Flyers zone.
0:34 of 1st period - Brock Nelson is hit by Carl Grundstrom.
0:59 of 1st period - Icing by Brock Nelson.
1:00 of 1st period - Brock Nelson wins face-off versus Tyler Seguin in PHILADELPHIA Flyers zone.
1:00 of 1st period - Brock Nelson is hit by Tyler Seguin.
1:13 of 1st period - Double Minor Penalty to Matt Roy for Roughing.
1:14 of 1st period - Boone Jenner wins face-off versus Austin Czarnik in PHILADELPHIA Flyers zone.
2:26 of 1st period - Cam Atkinson is hit by Tj Brodie and loses puck.
2:33 of 1st period - Shot by Dakota Mermis.
2:33 of 1st period - Shot Misses the Net.
2:35 of 1st period - Shot by Tyler Seguin.
2:35 of 1st period - Stopped by Stuart Skinner without a rebound.
2:36 of 1st period - Jason Zucker wins face-off versus Patrick Kane in PHILADELPHIA Flyers zone.
3:00 of 1st period - Shot by Cam Atkinson.
3:00 of 1st period - Stopped by Stuart Skinner without a rebound.
3:01 of 1st period - Boone Jenner wins face-off versus Austin Czarnik in PHILADELPHIA Flyers zone.
3:20 of 1st period - Shot by Boone Jenner.
3:20 of 1st period - Stopped by Stuart Skinner with a rebound.
4:04 of 1st period - Icing by Cam Atkinson.
4:05 of 1st period - Patrick Kane wins face-off versus Austin Czarnik in MONTREAL Canadiens zone.
5:09 of 1st period - Shot by Dakota Mermis.
5:09 of 1st period - Stopped by Stuart Skinner with a rebound.
5:11 of 1st period - Shot by Dakota Mermis.
5:11 of 1st period - Shot Blocked by Tj Brodie.
5:13 of 1st period - Shot by Brock Boeser.
5:13 of 1st period - Stopped by Stuart Skinner without a rebound.
5:14 of 1st period - Brock Nelson wins face-off versus Brett Howden in PHILADELPHIA Flyers zone.
5:35 of 1st period - Shot by Brock Nelson.
5:35 of 1st period - Shot Misses the Net.
5:53 of 1st period - Shot by Brock Nelson.
5:53 of 1st period - Shot Misses the Net.
5:58 of 1st period - Off-side.
5:59 of 1st period - Sean Monahan wins face-off versus Boone Jenner in neutral zone.
6:02 of 1st period - Shot by Brock McGinn.
6:02 of 1st period - Stopped by Sergei Bobrovsky without a rebound.
6:03 of 1st period - Tyler Seguin wins face-off versus Austin Czarnik in MONTREAL Canadiens zone.
6:12 of 1st period - Shot by Cam Atkinson.
6:12 of 1st period - Goal by Cam Atkinson - PHILADELPHIA Flyers : 1 - MONTREAL Canadiens : 1.
6:13 of 1st period - Sean Monahan wins face-off versus Tyler Seguin in neutral zone.
6:33 of 1st period - Off-side.
6:34 of 1st period - Austin Czarnik wins face-off versus Jake Guentzel in neutral zone.
6:47 of 1st period - Shot by Brock Boeser.
6:47 of 1st period - Stopped by Stuart Skinner with a rebound.
6:59 of 1st period - Shot by Pavel Buchnevich.
6:59 of 1st period - Shot Blocked by Kris Letang.
7:18 of 1st period - Brock Boeser is hit by Justin Faulk.
8:10 of 1st period - Shot by Tyler Seguin.
8:10 of 1st period - Shot Misses the Net.
8:12 of 1st period - Shot by Cam Atkinson.
8:12 of 1st period - Shot Blocked by Tj Brodie.
8:14 of 1st period - Shot by Cam Atkinson.
8:14 of 1st period - Stopped by Stuart Skinner with a rebound.
8:16 of 1st period - Shot by Patrick Kane.
8:16 of 1st period - Stopped by Stuart Skinner without a rebound.
8:17 of 1st period - Boone Jenner wins face-off versus Brock Nelson in PHILADELPHIA Flyers zone.
8:33 of 1st period - Icing by Olli Maatta.
8:34 of 1st period - Tyler Seguin wins face-off versus Brock Nelson in PHILADELPHIA Flyers zone.
8:34 of 1st period - Tyler Seguin is hit by Matt Roy.
9:21 of 1st period - Off-side.
9:22 of 1st period - Austin Czarnik wins face-off versus Boone Jenner in neutral zone.
9:58 of 1st period - Pavel Buchnevich is hit by Joel Edmundson and loses puck.
10:39 of 1st period - Shot by Kailer Yamamoto.
10:39 of 1st period - Stopped by Stuart Skinner with a rebound.
10:43 of 1st period - Shot by Brock Boeser.
10:43 of 1st period - Shot Misses the Net.
10:55 of 1st period - Shot by Kailer Yamamoto.
10:55 of 1st period - Deflect By Jake Guentzel.
10:55 of 1st period - Stopped by Stuart Skinner without a rebound.
10:56 of 1st period - Sean Monahan wins face-off versus Tyler Seguin in PHILADELPHIA Flyers zone.
11:17 of 1st period - Shot by Brock McGinn.
11:17 of 1st period - Shot Misses the Net.
11:19 of 1st period - Shot by Jakob Silfverberg.
11:19 of 1st period - Stopped by Sergei Bobrovsky without a rebound.
11:20 of 1st period - Brock Nelson wins face-off versus Boone Jenner in MONTREAL Canadiens zone.
11:22 of 1st period - Nail Yakupov is hit by Joel Edmundson and loses puck.
11:27 of 1st period - Shot by Kasperi Kapanen.
11:27 of 1st period - Stopped by Sergei Bobrovsky with a rebound.
11:29 of 1st period - Shot by Kasperi Kapanen.
11:29 of 1st period - Shot Misses the Net.
11:31 of 1st period - Shot by Nail Yakupov.
11:31 of 1st period - Shot Blocked by Joel Edmundson.
11:33 of 1st period - Shot by Olli Maatta.
11:33 of 1st period - Shot Misses the Net.
11:37 of 1st period - Shot by Nail Yakupov.
11:37 of 1st period - Deflect By Brock Nelson.
11:37 of 1st period - Goal by Brock Nelson - PHILADELPHIA Flyers : 2 - MONTREAL Canadiens : 1.
11:38 of 1st period - Tyler Seguin wins face-off versus Sean Monahan in neutral zone.
11:44 of 1st period - Icing by Justin Faulk.
11:45 of 1st period - Sean Monahan wins face-off versus Tyler Seguin in PHILADELPHIA Flyers zone.
12:24 of 1st period - Off-side.
12:25 of 1st period - Jake Guentzel wins face-off versus Brock Nelson in neutral zone.
12:40 of 1st period - Shot by Kailer Yamamoto.
12:40 of 1st period - Shot Misses the Net.
12:49 of 1st period - Icing by Brock Nelson.
12:50 of 1st period - Boone Jenner wins face-off versus Brock Nelson in PHILADELPHIA Flyers zone.
13:13 of 1st period - Shot by Boone Jenner.
13:13 of 1st period - Stopped by Stuart Skinner with a rebound.
13:50 of 1st period - Tj Brodie is hit by Tyler Seguin and loses puck.
15:00 of 1st period - Shot by Brock Boeser.
15:00 of 1st period - Shot Misses the Net.
15:36 of 1st period - Icing by Calen Addison.
15:37 of 1st period - Boone Jenner wins face-off versus Austin Czarnik in PHILADELPHIA Flyers zone.
15:42 of 1st period - Shot by Kyle Capobianco.
15:42 of 1st period - Stopped by Stuart Skinner without a rebound.
15:43 of 1st period - Sean Monahan wins face-off versus Boone Jenner in PHILADELPHIA Flyers zone.
15:52 of 1st period - Shot by Brock McGinn.
15:52 of 1st period - Shot Misses the Net.
15:56 of 1st period - Shot by Jakob Silfverberg.
15:56 of 1st period - Shot Misses the Net.
15:58 of 1st period - Shot by Jakob Silfverberg.
15:58 of 1st period - Shot Blocked by Boone Jenner.
16:04 of 1st period - Shot by Brock McGinn.
16:04 of 1st period - Stopped by Sergei Bobrovsky without a rebound.
16:05 of 1st period - Sean Monahan wins face-off versus Tyler Seguin in MONTREAL Canadiens zone.
16:08 of 1st period - Shot by Jakob Silfverberg.
16:08 of 1st period - Stopped by Sergei Bobrovsky without a rebound.
16:09 of 1st period - Sean Monahan wins face-off versus Tyler Seguin in MONTREAL Canadiens zone.
16:09 of 1st period - Sean Monahan is hit by Dakota Mermis.
16:36 of 1st period - Icing by Tj Brodie.
16:37 of 1st period - Sean Monahan wins face-off versus Jake Guentzel in PHILADELPHIA Flyers zone.
17:14 of 1st period - Shot by Jake Guentzel.
17:14 of 1st period - Shot Misses the Net.
17:16 of 1st period - Shot by Kailer Yamamoto.
17:16 of 1st period - Shot Misses the Net.
17:18 of 1st period - Shot by Kris Letang.
17:18 of 1st period - Shot Misses the Net.
17:22 of 1st period - Shot by Kailer Yamamoto.
17:22 of 1st period - Shot Blocked by Calen Addison.
17:58 of 1st period - Shot by Tyler Seguin.
17:58 of 1st period - Shot Blocked by Justin Faulk.
18:21 of 1st period - Icing by Brock Nelson.
18:22 of 1st period - Boone Jenner wins face-off versus Nail Yakupov in PHILADELPHIA Flyers zone.
18:34 of 1st period - Gabriel Vilardi is hit by Matt Roy and loses puck.
18:41 of 1st period - Kyle Capobianco is hit by Nail Yakupov.
19:04 of 1st period - Shot by Brock Nelson.
19:04 of 1st period - Stopped by Sergei Bobrovsky without a rebound.
19:05 of 1st period - Jake Guentzel wins face-off versus Jakob Silfverberg in MONTREAL Canadiens zone.
19:55 of 1st period - Kailer Yamamoto is hit by Brock McGinn and loses puck.
Goals for this period are 2 for PHILADELPHIA Flyers vs 1 for MONTREAL Canadiens.
Shots for this period are 8 for PHILADELPHIA Flyers vs 14 for MONTREAL Canadiens.

2nd period


0:01 of 2nd period - Tyler Seguin wins face-off versus Austin Czarnik in neutral zone.
0:16 of 2nd period - Cam Atkinson is hit by Jason Zucker and loses puck.
0:24 of 2nd period - Icing by Tyson Barrie.
0:25 of 2nd period - Tyler Seguin wins face-off versus Sean Monahan in MONTREAL Canadiens zone.
0:25 of 2nd period - Patrick Kane is hit by Jakob Silfverberg and loses puck.
0:32 of 2nd period - Sean Monahan is hit by Patrick Kane and loses puck.
1:19 of 2nd period - Brock Boeser is hit by Justin Faulk and loses puck.
1:41 of 2nd period - Kris Letang is hit by Alex Pietrangelo.
2:01 of 2nd period - Shot by Pavel Buchnevich.
2:01 of 2nd period - Shot Misses the Net.
2:26 of 2nd period - Icing by Tj Brodie.
2:27 of 2nd period - Austin Czarnik wins face-off versus Boone Jenner in PHILADELPHIA Flyers zone.
2:29 of 2nd period - Icing by Alex Pietrangelo.
2:30 of 2nd period - Austin Czarnik wins face-off versus Tyler Seguin in PHILADELPHIA Flyers zone.
3:03 of 2nd period - Shot by Cam Atkinson.
3:03 of 2nd period - Shot Blocked by Alex Pietrangelo.
3:07 of 2nd period - Shot by Cam Atkinson.
3:07 of 2nd period - Stopped by Stuart Skinner without a rebound.
3:08 of 2nd period - Sean Monahan wins face-off versus Boone Jenner in PHILADELPHIA Flyers zone.
3:08 of 2nd period - Sean Monahan is hit by Boone Jenner.
3:11 of 2nd period - Justin Faulk is hit by Boone Jenner and loses puck.
3:32 of 2nd period - Shot by Brock McGinn.
3:32 of 2nd period - Stopped by Sergei Bobrovsky with a rebound.
3:44 of 2nd period - Shot by Gabriel Vilardi.
3:44 of 2nd period - Shot Misses the Net.
4:11 of 2nd period - Off-side.
4:12 of 2nd period - Tyler Seguin wins face-off versus Brock Nelson in neutral zone.
4:33 of 2nd period - Shot by Nail Yakupov.
4:33 of 2nd period - Shot Blocked by Cam Atkinson.
4:35 of 2nd period - Shot by Kasperi Kapanen.
4:35 of 2nd period - Shot Blocked by Tyson Barrie.
4:45 of 2nd period - Shot by Brock Nelson.
4:45 of 2nd period - Stopped by Sergei Bobrovsky without a rebound.
4:46 of 2nd period - Jake Guentzel wins face-off versus Austin Czarnik in MONTREAL Canadiens zone.
5:55 of 2nd period - Shot by Patrick Kane.
5:55 of 2nd period - Shot Misses the Net.
6:15 of 2nd period - Shot by Patrick Kane.
6:15 of 2nd period - Shot Blocked by Alex Pietrangelo.
6:17 of 2nd period - Shot by Cam Atkinson.
6:17 of 2nd period - Shot Misses the Net.
6:19 of 2nd period - Shot by Tyler Seguin.
6:19 of 2nd period - Stopped by Stuart Skinner without a rebound.
6:20 of 2nd period - Sean Monahan wins face-off versus Brett Howden in PHILADELPHIA Flyers zone.
6:36 of 2nd period - Off-side.
6:37 of 2nd period - Boone Jenner wins face-off versus Brock Nelson in neutral zone.
6:37 of 2nd period - Gabriel Vilardi is hit by Brock Nelson and loses puck.
6:46 of 2nd period - Shot by Brock Nelson.
6:46 of 2nd period - Shot Misses the Net.
7:19 of 2nd period - Shot by Brock Nelson.
7:19 of 2nd period - Stopped by Sergei Bobrovsky without a rebound.
7:20 of 2nd period - Tyler Seguin wins face-off versus Sean Monahan in MONTREAL Canadiens zone.
7:25 of 2nd period - Shot by Brock McGinn.
7:25 of 2nd period - Shot Misses the Net.
7:33 of 2nd period - Shot by Jakob Silfverberg.
7:33 of 2nd period - Shot Blocked by Tyson Barrie.
7:35 of 2nd period - Shot by Sean Monahan.
7:35 of 2nd period - Stopped by Sergei Bobrovsky without a rebound.
7:36 of 2nd period - Sean Monahan wins face-off versus Jake Guentzel in MONTREAL Canadiens zone.
7:50 of 2nd period - Minor Penalty to Justin Faulk for High sticking.
7:51 of 2nd period - Austin Czarnik wins face-off versus Patrick Kane in PHILADELPHIA Flyers zone.
8:00 of 2nd period - Alex Pietrangelo is hit by Tyler Seguin.
8:26 of 2nd period - Tyson Barrie is hit by Alex Pietrangelo and loses puck.
9:19 of 2nd period - Shot by Brock Boeser.
9:19 of 2nd period - Stopped by Stuart Skinner with a rebound.
9:30 of 2nd period - Icing by Dakota Mermis.
9:31 of 2nd period - Austin Czarnik wins face-off versus Boone Jenner in MONTREAL Canadiens zone.
10:00 of 2nd period - Shot by Brock Nelson.
10:00 of 2nd period - Shot Misses the Net.
10:02 of 2nd period - Shot by Matt Roy.
10:02 of 2nd period - Shot Blocked by Matthew Benning.
10:04 of 2nd period - Shot by Olli Maatta.
10:04 of 2nd period - Shot Misses the Net.
10:06 of 2nd period - Shot by Matt Roy.
10:06 of 2nd period - Stopped by Sergei Bobrovsky with a rebound.
10:44 of 2nd period - Matthew Benning is hit by Kasperi Kapanen and loses puck.
11:00 of 2nd period - Icing by Calen Addison.
11:01 of 2nd period - Austin Czarnik wins face-off versus Tyler Seguin in PHILADELPHIA Flyers zone.
11:01 of 2nd period - Austin Czarnik is hit by Tyler Seguin.
11:08 of 2nd period - Austin Czarnik is hit by Dakota Mermis and loses puck.
11:47 of 2nd period - Shot by Patrick Kane.
11:47 of 2nd period - Shot Misses the Net.
12:08 of 2nd period - Off-side.
12:09 of 2nd period - Boone Jenner wins face-off versus Sean Monahan in neutral zone.
12:21 of 2nd period - Shot by Isac Lundestrom.
12:21 of 2nd period - Shot Misses the Net.
12:23 of 2nd period - Shot by Gabriel Vilardi.
12:23 of 2nd period - Stopped by Stuart Skinner without a rebound.
12:24 of 2nd period - Brock Nelson wins face-off versus Jake Guentzel in PHILADELPHIA Flyers zone.
12:59 of 2nd period - Shot by Kailer Yamamoto.
12:59 of 2nd period - Shot Blocked by Olli Maatta.
13:01 of 2nd period - Shot by Kailer Yamamoto.
13:01 of 2nd period - Stopped by Stuart Skinner without a rebound.
13:02 of 2nd period - Sean Monahan wins face-off versus Tyler Seguin in PHILADELPHIA Flyers zone.
13:10 of 2nd period - Brock McGinn is hit by Tyson Barrie.
13:12 of 2nd period - Shot by Jakob Silfverberg.
13:12 of 2nd period - Shot Misses the Net.
13:14 of 2nd period - Shot by Alex Pietrangelo.
13:14 of 2nd period - Stopped by Sergei Bobrovsky without a rebound.
13:15 of 2nd period - Sean Monahan wins face-off versus Boone Jenner in MONTREAL Canadiens zone.
13:28 of 2nd period - Brock McGinn is hit by Boone Jenner and loses puck.
13:39 of 2nd period - Shot by Boone Jenner.
13:39 of 2nd period - Shot Blocked by Calen Addison.
13:56 of 2nd period - Shot by Sean Monahan.
13:56 of 2nd period - Deflect By Jakob Silfverberg.
13:56 of 2nd period - Shot Misses the Net.
13:59 of 2nd period - Icing by Joel Edmundson.
14:00 of 2nd period - Boone Jenner wins face-off versus Austin Czarnik in MONTREAL Canadiens zone.
14:05 of 2nd period - Shot by Kris Letang.
14:05 of 2nd period - Shot Blocked by Jason Zucker.
14:07 of 2nd period - Shot by Gabriel Vilardi.
14:07 of 2nd period - Deflect By Boone Jenner.
14:07 of 2nd period - Shot Misses the Net.
14:09 of 2nd period - Shot by Gabriel Vilardi.
14:09 of 2nd period - Shot Misses the Net.
14:22 of 2nd period - Tj Brodie is hit by Dakota Mermis and loses puck.
14:39 of 2nd period - Austin Czarnik is hit by Tyler Seguin and loses puck.
15:28 of 2nd period - Shot by Brock Boeser.
15:28 of 2nd period - Stopped by Stuart Skinner without a rebound.
15:29 of 2nd period - Brock McGinn wins face-off versus Jake Guentzel in PHILADELPHIA Flyers zone.
15:29 of 2nd period - Brock McGinn is hit by Kailer Yamamoto.
15:36 of 2nd period - Icing by Matthew Benning.
15:37 of 2nd period - Sean Monahan wins face-off versus Jake Guentzel in MONTREAL Canadiens zone.
15:38 of 2nd period - Shot by Brock McGinn.
15:38 of 2nd period - Shot Misses the Net.
15:59 of 2nd period - Icing by Sean Monahan.
16:00 of 2nd period - Sean Monahan wins face-off versus Brett Howden in PHILADELPHIA Flyers zone.
16:00 of 2nd period - Sean Monahan is hit by Carl Grundstrom.
16:03 of 2nd period - Icing by Calen Addison.
16:04 of 2nd period - Sean Monahan wins face-off versus Brett Howden in PHILADELPHIA Flyers zone.
16:14 of 2nd period - Minor Penalty to Jakob Silfverberg for Roughing.
16:15 of 2nd period - Patrick Kane wins face-off versus Austin Czarnik in PHILADELPHIA Flyers zone.
16:16 of 2nd period - Shot by Tyson Barrie.
16:16 of 2nd period - Stopped by Stuart Skinner without a rebound.
16:17 of 2nd period - Austin Czarnik wins face-off versus Patrick Kane in PHILADELPHIA Flyers zone.
17:40 of 2nd period - Kailer Yamamoto is hit by Sean Monahan and loses puck.
17:47 of 2nd period - Shot by Sean Monahan.
17:47 of 2nd period - Goal by Sean Monahan - PHILADELPHIA Flyers : 3 - MONTREAL Canadiens : 1.
17:48 of 2nd period - Jason Zucker wins face-off versus Patrick Kane in neutral zone.
17:59 of 2nd period - Tj Brodie is hit by Cam Atkinson and loses puck.
18:54 of 2nd period - Shot by Nail Yakupov.
18:54 of 2nd period - Stopped by Sergei Bobrovsky without a rebound.
18:55 of 2nd period - Jake Guentzel wins face-off versus Austin Czarnik in MONTREAL Canadiens zone.
19:29 of 2nd period - Tyson Barrie is hit by Jason Zucker and loses puck.
Goals for this period are 1 for PHILADELPHIA Flyers vs 0 for MONTREAL Canadiens.
Shots for this period are 8 for PHILADELPHIA Flyers vs 7 for MONTREAL Canadiens.

3rd period


0:01 of 3rd period - Tyler Seguin wins face-off versus Austin Czarnik in neutral zone.
0:04 of 3rd period - Austin Czarnik is hit by Tyler Seguin and loses puck.
0:21 of 3rd period - Shot by Austin Czarnik.
0:21 of 3rd period - Stopped by Sergei Bobrovsky without a rebound.
0:22 of 3rd period - Jake Guentzel wins face-off versus Sean Monahan in MONTREAL Canadiens zone.
0:22 of 3rd period - Jake Guentzel is hit by Brock McGinn.
0:46 of 3rd period - Shot by Jakob Silfverberg.
0:46 of 3rd period - Shot Misses the Net.
0:48 of 3rd period - Shot by Sean Monahan.
0:48 of 3rd period - Stopped by Sergei Bobrovsky with a rebound.
0:50 of 3rd period - Shot by Jakob Silfverberg.
0:50 of 3rd period - Deflect By Brock McGinn.
0:50 of 3rd period - Stopped by Sergei Bobrovsky without a rebound.
0:51 of 3rd period - Tyler Seguin wins face-off versus Austin Czarnik in MONTREAL Canadiens zone.
1:52 of 3rd period - Shot by Brock Boeser.
1:52 of 3rd period - Shot Misses the Net.
2:33 of 3rd period - Shot by Jakob Silfverberg.
2:33 of 3rd period - Stopped by Sergei Bobrovsky without a rebound.
2:34 of 3rd period - Brock Nelson wins face-off versus Isac Lundestrom in MONTREAL Canadiens zone.
2:49 of 3rd period - Matt Roy is hit by Gabriel Vilardi and loses puck.
3:19 of 3rd period - Shot by Gabriel Vilardi.
3:19 of 3rd period - Stopped by Stuart Skinner without a rebound.
3:20 of 3rd period - Sean Monahan wins face-off versus Tyler Seguin in PHILADELPHIA Flyers zone.
3:54 of 3rd period - Icing by Dakota Mermis.
3:55 of 3rd period - Austin Czarnik wins face-off versus Tyler Seguin in MONTREAL Canadiens zone.
4:04 of 3rd period - Shot by Jason Zucker.
4:04 of 3rd period - Stopped by Sergei Bobrovsky without a rebound.
4:05 of 3rd period - Tim Stutzle wins face-off versus Jake Guentzel in MONTREAL Canadiens zone.
4:06 of 3rd period - Shot by Austin Czarnik.
4:06 of 3rd period - Stopped by Sergei Bobrovsky with a rebound.
4:14 of 3rd period - Shot by Austin Czarnik.
4:14 of 3rd period - Deflect By Zach Parise.
4:14 of 3rd period - Shot Blocked by Joel Edmundson.
4:38 of 3rd period - Shot by Austin Czarnik.
4:38 of 3rd period - Stopped by Sergei Bobrovsky without a rebound.
4:39 of 3rd period - Sean Monahan wins face-off versus Tyler Seguin in MONTREAL Canadiens zone.
5:05 of 3rd period - Shot by Brock McGinn.
5:05 of 3rd period - Goal by Brock McGinn - PHILADELPHIA Flyers : 4 - MONTREAL Canadiens : 1.
5:06 of 3rd period - Austin Czarnik wins face-off versus Boone Jenner in neutral zone.
5:06 of 3rd period - Austin Czarnik is hit by Gabriel Vilardi.
5:26 of 3rd period - Shot by Tj Brodie.
5:26 of 3rd period - Shot Misses the Net.
5:57 of 3rd period - Minor Penalty to Jason Zucker for Tripping.
5:58 of 3rd period - Brock Nelson wins face-off versus Patrick Kane in PHILADELPHIA Flyers zone.
5:58 of 3rd period - Brock Nelson is hit by Patrick Kane.
8:13 of 3rd period - Shot by Phil Kessel.
8:13 of 3rd period - Deflect By Brett Howden.
8:13 of 3rd period - Stopped by Stuart Skinner without a rebound.
8:14 of 3rd period - Brett Howden wins face-off versus Austin Czarnik in PHILADELPHIA Flyers zone.
8:31 of 3rd period - Shot by Jason Zucker.
8:31 of 3rd period - Shot Blocked by Kyle Capobianco.
8:33 of 3rd period - Shot by Jason Zucker.
8:33 of 3rd period - Deflect By Austin Czarnik.
8:33 of 3rd period - Stopped by Sergei Bobrovsky without a rebound.
8:34 of 3rd period - Brock Nelson wins face-off versus Jake Guentzel in MONTREAL Canadiens zone.
8:37 of 3rd period - Shot by Alex Pietrangelo.
8:37 of 3rd period - Shot Blocked by Brock Boeser.
8:43 of 3rd period - Shot by Brock Boeser.
8:43 of 3rd period - Stopped by Stuart Skinner without a rebound.
8:44 of 3rd period - Sean Monahan wins face-off versus Tyler Seguin in PHILADELPHIA Flyers zone.
8:44 of 3rd period - Sean Monahan is hit by Cam Atkinson.
9:01 of 3rd period - Off-side.
9:02 of 3rd period - Austin Czarnik wins face-off versus Jake Guentzel in neutral zone.
9:17 of 3rd period - Austin Czarnik is hit by Jake Guentzel and loses puck.
10:00 of 3rd period - Icing by Alex Pietrangelo.
10:01 of 3rd period - Sean Monahan wins face-off versus Tyler Seguin in PHILADELPHIA Flyers zone.
10:08 of 3rd period - Shot by Patrick Kane.
10:08 of 3rd period - Shot Blocked by Alex Pietrangelo.
10:54 of 3rd period - Kasperi Kapanen is hit by Tyler Seguin and loses puck.
11:01 of 3rd period - Patrick Kane is hit by Nail Yakupov and loses puck.
12:38 of 3rd period - Icing by Tyson Barrie.
12:39 of 3rd period - Sean Monahan wins face-off versus Jake Guentzel in MONTREAL Canadiens zone.
12:56 of 3rd period - Shot by Alex Pietrangelo.
12:56 of 3rd period - Stopped by Sergei Bobrovsky without a rebound.
12:57 of 3rd period - Brock Nelson wins face-off versus Brett Howden in MONTREAL Canadiens zone.
13:00 of 3rd period - Shot by Kasperi Kapanen.
13:00 of 3rd period - Stopped by Sergei Bobrovsky without a rebound.
13:01 of 3rd period - Brett Howden wins face-off versus Sean Monahan in MONTREAL Canadiens zone.
13:08 of 3rd period - Shot by Tyson Barrie.
13:08 of 3rd period - Shot Misses the Net.
13:10 of 3rd period - Shot by Carl Grundstrom.
13:10 of 3rd period - Shot Misses the Net.
13:47 of 3rd period - Icing by Alex Pietrangelo.
13:48 of 3rd period - Tyler Seguin wins face-off versus Brock McGinn in PHILADELPHIA Flyers zone.
14:11 of 3rd period - Shot by Jason Zucker.
14:11 of 3rd period - Shot Misses the Net.
14:15 of 3rd period - Shot by Austin Czarnik.
14:15 of 3rd period - Stopped by Sergei Bobrovsky without a rebound.
14:16 of 3rd period - Jake Guentzel wins face-off versus Brock Nelson in MONTREAL Canadiens zone.
14:37 of 3rd period - Shot by Nail Yakupov.
14:37 of 3rd period - Stopped by Sergei Bobrovsky without a rebound.
14:38 of 3rd period - Tyler Seguin wins face-off versus Jason Zucker in MONTREAL Canadiens zone.
14:38 of 3rd period - Tyler Seguin is hit by Pavel Buchnevich.
14:41 of 3rd period - Icing by Tyson Barrie.
14:42 of 3rd period - Tyler Seguin wins face-off versus Austin Czarnik in MONTREAL Canadiens zone.
14:55 of 3rd period - Shot by Tyler Seguin.
14:55 of 3rd period - Deflect By Cam Atkinson.
14:55 of 3rd period - Stopped by Stuart Skinner with a rebound.
15:03 of 3rd period - Shot by Tyson Barrie.
15:03 of 3rd period - Stopped by Stuart Skinner without a rebound.
15:04 of 3rd period - Jake Guentzel wins face-off versus Brock McGinn in PHILADELPHIA Flyers zone.
15:19 of 3rd period - Shot by Kailer Yamamoto.
15:19 of 3rd period - Stopped by Stuart Skinner without a rebound.
15:20 of 3rd period - Austin Czarnik wins face-off versus Tyler Seguin in PHILADELPHIA Flyers zone.
15:36 of 3rd period - Tyler Seguin is hit by Justin Faulk and loses puck.
15:51 of 3rd period - Shot by Dakota Mermis.
15:51 of 3rd period - Shot Misses the Net.
15:53 of 3rd period - Shot by Tyson Barrie.
15:53 of 3rd period - Shot Blocked by Austin Czarnik.
16:05 of 3rd period - Minor Penalty to Justin Faulk for Hooking.
16:06 of 3rd period - Austin Czarnik wins face-off versus Boone Jenner in PHILADELPHIA Flyers zone.
17:04 of 3rd period - Shot by Jason Zucker.
17:04 of 3rd period - Shot Misses the Net.
17:20 of 3rd period - Shot by Jason Zucker.
17:20 of 3rd period - Stopped by Sergei Bobrovsky without a rebound.
17:21 of 3rd period - Brock Nelson wins face-off versus Boone Jenner in MONTREAL Canadiens zone.
17:38 of 3rd period - Shot by Kailer Yamamoto.
17:38 of 3rd period - Shot Misses the Net.
19:02 of 3rd period - Shot by Patrick Kane.
19:02 of 3rd period - Shot Blocked by Nail Yakupov.
19:04 of 3rd period - Shot by Tyson Barrie.
19:04 of 3rd period - Shot Blocked by Brock Nelson.
19:09 of 3rd period - Tyler Seguin is hit by Olli Maatta and loses puck.
19:52 of 3rd period - Kris Letang is hit by Sean Monahan and loses puck.
Goals for this period are 1 for PHILADELPHIA Flyers vs 0 for MONTREAL Canadiens.
Shots for this period are 14 for PHILADELPHIA Flyers vs 6 for MONTREAL Canadiens.